 Dungeon Crawl Stone Soup version 0.16.2-2-g470672f (webtiles) character file.

165 monobi the Poker (level 5, -1/40 HPs)
             Began as a Demonspawn Gladiator on Sept 3, 2015.
             Killed by nerve-wracking pain
             ... invoked by Grinder
              (9 damage)
             ... on level 3 of the Dungeon.
             The game lasted 00:07:47 (3242 turns).

monobi the Poker (Demonspawn Gladiator)             Turns: 3242, Time: 00:07:47

Health: -1/40      AC:  6    Str: 21    XL:     5   Next: 21%
Magic:  5/5        EV: 14    Int:  9    God:
Gold:   109        SH:  0    Dex: 14    Spells: 0 memorised, 4 levels left

rFire  . . .     SeeInvis .     a - +0 trident
rCold  . . .     Clarity  .     e - +0 ring mail
rNeg   . . .     SustAb   .     (no shield)
rPois  .         Gourm    .     c - +0 helmet
rElec  .         Spirit   .     (no cloak)
rCorr  .         Warding  .     (no gloves)
rMut   .         Stasis   .     (no boots)
MR     .....                    (no amulet)
Stlth  ++........               (no ring)
                                j - +1 ring of slaying

@: mighty, very slightly contaminated, invisible, not resistant to hostile
enchantments, unstealthy
A: repulsion field 1, nightstalker 1
a: no special abilities


You were on level 3 of the Dungeon.
You were not hungry.

You visited 1 branch of the dungeon, and saw 3 of its levels.

You collected 109 gold pieces.

Inventory:

Hand weapons
 a - a +0 trident (weapon)
 s - a +1 hand axe of venom
Missiles
 d - 3 throwing nets (quivered)
Armour
 c - a +0 helmet (worn)
 e - a +0 ring mail (worn)
Jewellery
 j - a +1 ring of slaying (left hand)
Scrolls
 b - 3 scrolls of fear {unknown}
 g - 3 scrolls of identify
 i - a scroll of fog
 m - a scroll of enchant armour {unknown}
 p - 2 scrolls of teleportation {unknown}
 q - 2 scrolls of remove curse
 r - a scroll of recharging {unknown}
Potions
 l - a potion of ambrosia
 u - a potion of might
Books
 o - a Fen Folio

   Spells                             Type                      Level
   a - Corpse Rot                     Necromancy                   2
   b - Stone Arrow                    Conjuration/Earth            3
   c - Leda's Liquefaction            Hexes/Earth                  4
   d - Summon Forest                  Summoning/Translocation      5
   e - Hydra Form                     Transmutation                6
   f - Summon Hydra                   Summoning                    7
Comestibles
 f - 2 bread rations
 h - 2 beef jerkies


   Skills:
 + Level 2.8 Fighting
 * Level 3.8 Polearms
 + Level 2.0 Throwing
 + Level 1.0 Armour
 + Level 3.3 Dodging
 * Level 1.8 Stealth


You had 4 spell levels left.
You didn't know any spells.

Dungeon Overview and Level Annotations

Branches:
Dungeon (3/15)

Altars:
Qazlal
Yredelemnul
Zin

Annotations:
D:3 Grinder


Innate Abilities, Weirdness & Mutations

You are surrounded by a mild repulsion field (EV +2).
You are slightly more attuned to the shadows.


Message History

Grinder is severely wounded.
Grinder barely misses you.
You hit Grinder.
Grinder is severely wounded.
Grinder gestures at you.
You suddenly lose the ability to move!
Grinder barely misses you.
Grinder gestures.
Grinder blinks!
Grinder gestures at you.
You shrug off the repeated paralysis!
You can move again.
Drink which item? (? for menu, Esc to quit)
It was a potion of invisibility.
You fade into invisibility!
You are very lightly contaminated with residual magic.
Grinder says, "Are you a fish?" Grinder gestures at you.
Pain shoots through your body!
You die...

#.# #.# ####### #.##........
.#.# ....... #..#.##......
###### ...#.#...... #....#
#..#.#.###.# #.##.# #
#..#....5#.# #.##.# ..
#..#.....@.#####.##.#
######.#..#...........#.##.#
.. ..................>#.##.#
.# ###.#.##.###.........##.#
.# .. #...#.......####.#
.############.#.......# #.#
....<.........#.......# #.#
.####..#.######.#.##### #.#
.......#........#.# #.#


You could see Grinder.

Vanquished Creatures
  Jessica (D:3)
  3 gnolls (D:2)
  7 adders
  2 worms (D:2)
  A giant gecko (D:1)
  6 bats
  2 giant cockroaches
  6 goblins
  4 hobgoblins
  2 quokkas
  2 giant newts
  8 kobolds
  7 rats
51 creatures vanquished.

Vanquished Creatures (others)
  4 toadstools (D:1)
4 creatures vanquished.

Grand Total: 55 creatures vanquished

Notes
Turn   | Place    | Note
--------------------------------------------------------------
     0 | D:1      | monobi, the Demonspawn Gladiator, began the quest for the Orb.
     0 | D:1      | Reached XP level 1. HP: 16/16 MP: 1/1
   225 | D:1      | Reached skill level 3 in Polearms
   225 | D:1      | Gained mutation: You are slightly more attuned to the shadows. [demonic ancestry]
   225 | D:1      | Reached XP level 2. HP: 13/22 MP: 2/2
  1062 | D:2      | Reached XP level 3. HP: 23/28 MP: 3/3
  1519 | D:2      | Found a glowing silver altar of Zin.
  1591 | D:2      | Reached skill level 1 in Stealth
  1591 | D:2      | Reached XP level 4. HP: 34/34 MP: 4/4
  1612 | D:2      | Found a stormy altar of Qazlal.
  2608 | D:3      | Noticed Jessica
  2618 | D:3      | Killed Jessica
  2618 | D:3      | Gained mutation: You are surrounded by a mild repulsion field (EV +2). [demonic ancestry]
  2618 | D:3      | Reached XP level 5. HP: 40/40 MP: 5/5
  2849 | D:3      | Found a basalt altar of Yredelemnul.
  3117 | D:3      | Reached skill level 1 in Armour
  3215 | D:3      | Noticed Grinder
  3234 | D:3      | Paralysed by Grinder for 6 turns
  3242 | D:3      | Killed from afar by Grinder

Action                   |  1- 3 |  4- 6 || total
-------------------------+-------+-------++-------
Melee: Trident           |   119 |    79 ||   198
  Use: Scroll            |     4 |       ||     4
       Potion            |       |     4 ||     4
 Stab: Sleeping          |     6 |     3 ||     9
       Distracted        |       |     1 ||     1
  Eat: Chunk             |     1 |     1 ||     2
       Bread ration      |       |     2 ||     2
